 Dungeon Crawl Stone Soup version 0.30-a0-760-g5a9884bb7c (webtiles) character file.

Game seed: 6615142618773279464

65 boo the Trooper (level 4, 0/40 HPs)
             Began as a Hill Orc Fighter on Feb 10, 2023.
             Splashed by a jelly's acid (8 damage)
             ... on level 3 of the Dungeon.
             The game lasted 00:02:15 (1777 turns).

boo the Trooper (Hill Orc Fighter)                  Turns: 1777, Time: 00:02:16

Health: 0/40       AC: -2    Str: 20    XL:     4   Next: 14%
Magic:  4/4        EV:  9    Int:  8    God:
Gold:   127        SH:  4    Dex: 10    Spells: 3/3 levels left

rFire   . . .      SeeInvis .    a - +0 war axe
rCold   . . .      Faith    .    c - +0 buckler
rNeg    . . .      Spirit   .    b - +0 scale mail
rPois   .          Reflect  .    (no helmet)
rElec   .          Harm     .    v - +0 cloak
rCorr   .          Rampage  .    i - +0 pair of gloves
Will    .....                    (no boots) Stlth
                                 n - amulet of the acrobat
HPRegen 0.26/turn                (no ring)
MPRegen 0.09/turn                (no ring)

@: corroded
A: no striking features
a: no special abilities


You were on level 3 of the Dungeon.
You visited 1 branch of the dungeon, and saw 3 of its levels.

You collected 127 gold pieces.

Inventory:

Hand Weapons
 a - a +0 war axe (weapon)
Armour
 b - a +0 scale mail (worn)
 c - a +0 buckler (worn)
 i - a +0 pair of gloves (worn)
 v - a +0 cloak (worn)
Jewellery
 n - an amulet of the acrobat (around neck)
 r - an amulet of magic regeneration
Scrolls
 e - 3 scrolls of teleportation {unknown}
 g - 3 scrolls of identify {unknown}
 h - a scroll of blinking {unknown}
 j - a scroll of poison {unknown}
 k - a scroll of vulnerability {unknown}
 p - 2 scrolls of magic mapping {unknown}
 q - a scroll of fog {unknown}
 t - a scroll of fear {unknown}
 u - 3 scrolls of brand weapon {unknown}
 w - a scroll of acquirement {unknown}
Potions
 d - 2 potions of might
 f - 2 potions of curing {unknown}
 l - a potion of degeneration {unknown}
 m - 2 potions of brilliance {unknown}
 o - a potion of mutation {unknown}
 s - 2 potions of haste {unknown}


   Skills:
 + Level 4.1 Fighting
 * Level 4.1 Axes
 + Level 3.8 Armour
 + Level 3.7 Shields


You had 3 spell levels left.
You didn't know any spells.
Your spell library was empty.

Dungeon Overview and Level Annotations

Branches:
Dungeon (3/15)

Altars:

Shops:
D:2 ?


Message History

You slash the adder!
You kill the adder!
You feel sick.
You have reached level 4!
You feel sick.
You feel sick.
You feel sick.
You are no longer poisoned.
Found a stone staircase leading up.
You hear a distant slurping noise.
A jelly comes into view.
A jelly is nearby!
A jelly is nearby!
A jelly is nearby!
No target in view!
No target in view!
No target in view!
A jelly is nearby!
The jelly jiggles.
You slash the jelly!
Your hands burn!
The jelly is moderately wounded.
The jelly hits you. The acid corrodes you!
You are splashed with acid!
You slash the jelly!
Your hands burn!
The jelly is heavily wounded.
The jelly barely misses you.
You hit the jelly but do no damage.
Your hands burn!
The jelly is heavily wounded.
The jelly hits you.
You are splashed with acid!
* * * LOW HITPOINT WARNING * * *
The jelly closely misses you.
You are too injured to fight recklessly!
You are too injured to fight recklessly!
You are too injured to fight recklessly!
You slash the jelly! The acid corrodes you!
Your hands burn!
* * * LOW HITPOINT WARNING * * *
The jelly is severely wounded.
The jelly hits you.
* * * LOW HITPOINT WARNING * * *
The acid corrodes you!
You are splashed with acid!
You die...

###... . ... .. ..... . ... ..
...#.# # #.# #. #..#. .. #..
$.... #... .###.###.#.
.#####.†### #.........
......).... #..#.#.#J# #
######..###
####..#<#.#@#.#######.......
#........................##.
#.......#.#.#.#######....##.
#.##..........# ###..##.
#.##.[###.#.#.#########.....
#.........#..............##.
.#####.##..###.###.#########.....
...........###.# #.# ##.###
.....†......##.# #.# #.#


You could see a jelly.

Vanquished Creatures
  2 adders (D:3)
  A worm (D:3)
  A dart slug (D:2)
  4 ball pythons
  6 endoplasms
  2 giant cockroaches
  2 hobgoblins
  2 jackals (D:3)
  4 kobolds
  4 bats
  4 frilled lizards (D:1)
  5 goblins
  3 rats
40 creatures vanquished.

Notes
Turn   | Place    | Note
-------+----------+-------------------------------------------
     0 | D:1      | boo the Hill Orc Fighter began the quest for the Orb.
     0 | D:1      | Reached XP level 1. HP: 19/19 MP: 1/1
    75 | D:1      | Reached XP level 2. HP: 23/27 MP: 2/2
   221 | D:1      | Found a faded altar of an unknown god.
   839 | D:2      | Reached XP level 3. HP: 33/33 MP: 3/3
  1096 | D:2      | Found Wicziekus's Magic Scroll Shoppe.
  1730 | D:3      | Reached XP level 4. HP: 35/40 MP: 4/4
  1777 | D:3      | Splashed by a jelly's acid

Illustrated notes

Levels and vault maps discovered:
D:1:      lightli_arrival_statue_moat, layout_basic,
          shapermc_ecumenical_altar_mp_highgroup, minmay_misc_feat_hallway
D:2:      layout_loops_ring, serial_shops, shop
D:3:      layout_basic, chequers_serial_rivers_micro_b

Skill      XL: |  1  2  3 |
---------------+----------+-----
Axes           | 3 4 |  4.1
Fighting       | 4 |  4.1
Armour         | |  3.8
Shields        | |  3.7

Action                     |  1- 3 |  4- 6 || total
---------------------------+-------+-------++-------
  Melee: War axe           |   104 |     4 ||   108
 Armour: Scale mail        |    54 |       ||    54
  Dodge: Dodged            |    49 |     2 ||    51
  Block: Buckler           |    34 |       ||    34

Table legend: (Time is in decaauts)
 A = Elapsed time spent in this place.
 B = Non-inter-level travel time spent in this place.
 C = Inter-level travel time spent in this place.
 D = Time resting spent in this place.
 E = Time spent auto-exploring this place.
 F = Levels seen in this place.
 G = Mean time per level.
                   A        B        C        D        E       F      G
               +--------+--------+--------+--------+--------+-----+--------+
         Total |   1815 |   1733 |     82 |      0 |   1418 |   3 |  605.0 |
       Dungeon |   1815 |   1733 |     82 |      0 |   1418 |   3 |  605.0 |
               +--------+--------+--------+--------+--------+-----+--------+

Top non-repeatable levels by time:
     D:1: 791 daAuts
     D:2: 660 daAuts
     D:3: 363 daAuts
